AoeStats
← [NICE_ASS] BigMasi

Runestones

507358495Analyzed
1v1 RM · 14d ago on Sep 17, 2026· 39m 33s· 2 players
Game mode
Random Map
Map size
Tiny (2 player)
Population
200
Speed
Normal
Resources
Standard
Victory
Conquest
Starting age
Dark Age
Ending age
Imperial Age
RankedLock teamsTeams togetherTeam positionsShared explorationLock speedFull tech treeHidden civsTurbo modeCheats
Victory
Defeat
🇨🇭 Cumans · Switzerland
1276
+16
🇪🇸 Portuguese · Spain
1277
-16
[NICE_ASS] BigMasi
6:09 Loom
10:06 Feudal Age
8:23 Loom
10:37 Double-Bit Axe
12:20 Horse Collar
21:19 Castle Age
25:30 Scale Barding Armor
25:35 Gold Mining
27:11 Wheelbarrow
28:22 Scale Mail Armor
30:08 Capped Ram
30:22 Capped Ram
32:04 Bloodlines
34:36 Imperial Age
32:31 Light Cavalry
35:52 Chain Barding Armor
35:42 Forging
37:18 Plate Barding Armor
36:08 Cavalier
38:17 Iron Casting
37:42 Padded Archer Armor
37:33 Fletching
39:08 Elite Skirmisher
TdB.LinzE
3:24 Loom
11:38 Feudal Age
13:48 Wheelbarrow
15:57 Castle Age
29:03 Double-Bit Axe
31:26 Horse Collar
31:52 Crossbowman
32:38 Thumb Ring
32:24 Fletching
34:11 Pikeman
Connection lost

Rejoining the realm…

Still unreachable

The connection could not be restored.

Session expired

The server has moved on; the page needs a fresh start.